Map: Lerilak Crest

Players

Javert

  • Race: Zerg Zerg
  • League: Gold

llllllllllll - Winner!

  • Race: Zerg Zerg
  • League: Gold

VOD

Have the link to the VOD?

Description

Time

  • Played on: Sept. 12, 2015, 11:51 p.m.
  • Length: 10:43
Show
View Real Time Build Order
Export as new Build Order

Javert Zerg 

Build Orders: Hatch First 

Get SALT Encoding   

  12  0:01  Drone  
  13  0:16  Overlord  
  13  0:20  Drone  
  14  0:35  Drone x2  
  16  0:39  Drone  
  17  0:55  Drone  
  18  0:59  Hatchery, Extractor  
  18  1:02  Drone  
  17  1:11  Drone  
  18  1:20  Spawning Pool  
  18  1:25  Drone  
  18  1:32  Drone  
  19  1:43  Drone  
  20  1:58  Drone  
  21  2:07  Overlord  
  21  2:10  Queen x2  
  21  2:11  Metabolic Boost  
  25  2:17  Zergling x4  
  27  2:35  Zergling x6  
  27  2:37  Baneling Nest  
  29  2:40  Drone  
  30  2:46  Drone  
  31  3:01  Drone x3  
  31  3:05  Overlord  
  34  3:11  Roach Warren  
  33  3:17  Drone x2  
  33  3:18  Drone  
  33  3:19  Overlord  
  36  3:30  Zergling x8  
  36  3:31  Zergling x2  
  41  3:34  Baneling x2  
  41  3:43  Baneling x3  
  41  3:46  Zergling x2  
  41  3:47  Zergling x4  
  44  3:50  Drone x2  
  46  3:58  Drone x4  
  46  4:01  Overlord x2  
  48  4:23  Zergling x16  
  54  4:37  Zergling x6  
  50  4:54  Drone x2  
  50  4:55  Drone x5  
  50  4:58  Lair, Extractor  
  50  4:59  Hatchery  
  55  5:05  Baneling  
  55  5:06  Baneling x2  
  55  5:08  Overlord  
  55  5:09  Drone x2  
  55  5:12  Extractor x2  
  55  5:19  Baneling  
  55  5:20  Baneling  
  55  5:32  Overlord  
  55  5:37  Overlord x2  
  55  5:41  Overlord, Drone x2  
  55  5:42  Drone x4  
  61  5:53  Drone  
  61  5:54  Evolution Chamber, Drone  
  62  5:57  Overlord  
  62  5:59  Queen  
  62  6:03  Glial Reconstitution  
  64  6:08  Drone x3  
  64  6:09  Drone  
  68  6:36  Roach x2  
  68  6:37  Roach x8  
  88  6:42  Evolution Chamber  
  88  6:44  Drone x2  
  88  6:45  Drone x2  
  90  6:50  Roach  
  91  6:59  Roach x3  
  97  7:03  Zerg Missile Weapons Level 1  
  97  7:09  Overlord  
  97  7:10  Drone x3  
  97  7:12  Overlord  
  97  7:15  Queen  
  102  7:17  Hatchery, Drone  
  102  7:18  Drone x3  
  102  7:19  Drone  
  96  7:33  Roach  
  96  7:34  Roach x6  
  110  7:37  Overseer  
  110  7:44  Overlord  
  106  7:46  Overlord  
  94  8:05  Roach x5  
  100  8:06  Roach x8  
  110  8:16  Roach  
  110  8:17  Roach x4  
  101  8:40  Roach x3  
  101  8:41  Roach x10  
  90  9:00  Roach  
  90  9:01  Roach x5  
  91  9:06  Burrow  
  81  9:17  Roach  
  81  9:18  Roach x5  
  87  9:30  Lair  
  81  9:45  Roach  
  81  9:46  Roach x6  
  83  9:57  Roach x2  
  79  10:04  Overlord  
  79  10:05  Zergling x6  
  79  10:06  Zergling x8  
  80  10:10  Roach x4  
Show
View Real Time Build Order
Export as new Build Order

llllllllllll Zerg - Winner!

Build Orders: 3 Hatch before Pool 

Get SALT Encoding   

  12  0:01  Drone  
  13  0:14  Overlord  
  13  0:17  Drone  
  14  0:33  Drone x2  
  16  0:39  Drone  
  17  0:55  Hatchery, Drone  
  17  1:17  Drone  
  18  1:25  Hatchery, Drone  
  18  1:35  Spawning Pool  
  18  1:39  Drone  
  18  1:40  Drone  
  19  1:50  Drone  
  20  2:08  Drone x3  
  22  2:13  Overlord  
  23  2:23  Queen  
  23  2:24  Queen  
  23  2:27  Overlord  
  23  2:28  Drone  
  28  2:35  Extractor  
  28  2:36  Drone x2  
  29  2:40  Queen  
  29  2:42  Drone  
  32  2:50  Drone x3  
  35  3:01  Drone x3  
  35  3:02  Drone  
  39  3:09  Drone  
  39  3:12  Drone  
  41  3:17  Drone  
  41  3:18  Drone  
  43  3:20  Zergling x2  
  44  3:27  Zergling x2  
  44  3:32  Zergling x6  
  44  3:33  Zergling x4  
  50  3:35  Overlord  
  50  3:36  Overlord x2  
  50  3:50  Metabolic Boost  
  50  3:56  Roach Warren, Extractor, Drone  
  50  3:57  Drone x7, Extractor  
  53  4:12  Zergling x2  
  53  4:13  Zergling x14  
  59  4:23  Zergling x12  
  60  4:28  Queen, Zergling x2  
  59  4:35  Zergling x14  
  57  4:39  Zergling x2  
  57  4:55  Baneling Nest, Drone  
  57  4:56  Drone x5  
  57  4:57  Drone  
  63  5:06  Roach Warren  
  62  5:17  Zergling x2  
  62  5:18  Zergling x4  
  62  5:19  Overlord x4  
  65  5:39  Drone x3  
  65  5:40  Drone x7  
  65  5:41  Drone x3  
  78  5:46  Roach  
  78  5:47  Roach  
  82  5:53  Queen  
  82  5:55  Roach x2  
  82  5:56  Overlord  
  88  5:58  Drone  
  89  6:11  Overlord x2  
  89  6:12  Overlord x2  
  89  6:16  Roach x2  
  89  6:17  Roach x2  
  97  6:19  Overlord x2  
  97  6:24  Baneling x8  
  97  6:25  Baneling  
  97  6:26  Baneling  
  97  6:30  Roach x2  
  97  6:31  Roach  
  103  6:39  Roach  
  109  6:40  Roach x4  
  101  6:51  Ravager x2  
  103  6:54  Roach  
  103  6:55  Roach  
  107  7:16  Roach x7  
  107  7:18  Zergling x18  
  119  7:31  Roach  
  119  7:32  Roach x4  
  120  7:38  Roach  
  120  7:39  Roach  
  119  7:55  Roach x5  
  119  7:56  Roach  
  119  7:57  Zergling x8  
  128  8:01  Roach  
  128  8:02  Roach  
  128  8:06  Roach  
  128  8:07  Zergling x4  
  128  8:09  Zergling x6  
  128  8:11  Roach  
  132  8:13  Zergling x2  
  133  8:21  Roach x2  
  133  8:22  Roach x2  
  133  8:23  Zergling x2  
  140  8:32  Roach x3  
  140  8:33  Zergling x2  
  140  8:34  Zergling x4  
  142  8:38  Roach x2  
  142  8:39  Roach  
  139  8:42  Roach  
  133  8:50  Roach x2  
  133  8:51  Roach  
  133  8:52  Zergling x2  
  133  8:53  Zergling x2  
  138  9:02  Zergling x2  
  133  9:03  Zergling x4  
  133  9:06  Roach  
  133  9:07  Roach x4  
  133  9:09  Zergling x8  
  138  9:19  Roach x2  
  138  9:22  Roach, Zergling x2  
  138  9:23  Zergling x4  
  141  9:29  Roach  
  128  9:33  Roach x2  
  124  9:39  Roach  
  124  9:40  Roach x3  
  124  9:41  Roach  
  124  9:43  Roach  
  131  9:45  Zergling x2  
  131  9:46  Zergling x2  
  131  9:51  Roach  
  131  9:52  Roach  
  131  9:59  Roach x3  
  132  10:01  Zergling x2  
  132  10:02  Zergling x2  
  128  10:07  Zergling x2  
  128  10:10  Zergling x8  
  128  10:12  Roach x3  
  132  10:15  Roach  
Tags
 
Add a new tag
Caveats
  • Supply blocks, unpowered buildings, or Contaminate may cause inaccurate times.
  • Supply counts are checked every 10 seconds.